Map: Triton LE

Players

WaveLegënd

  • Race: Terran Terran
  • League: Platinum
  • Spawn Location: 5:00

MawashiGeri - Winner!

  • Race: Terran Terran
  • League: Diamond
  • Spawn Location: 11:00

VOD

Have the link to the VOD?

Description

Time

  • Played on: Jan. 14, 2020, 11:17 a.m.
  • Length: 8:32
Show
View Real Time Build Order
Export as new Build Order

WaveLegënd Terran 

Build Orders: Liberator Opening 

Get SALT Encoding   

  12  0:01  SCV  
  13  0:13  SCV  
  14  0:17  Supply Depot  
  14  0:25  SCV  
  14  0:28  Refinery  
  15  0:39  SCV  
  16  0:45  Barracks  
  16  0:51  SCV  
  17  1:05  SCV  
  18  1:18  SCV  
  19  1:32  Orbital Command  
  19  1:34  Barracks Reactor  
  19  1:45  Command Center  
  19  1:56  Factory  
  19  2:00  SCV  
  20  2:11  Supply Depot  
  20  2:21  Marine  
  20  2:22  Marine  
  21  2:23  SCV  
  21  2:28  Refinery  
  22  2:36  SCV  
  23  2:39  Marine  
  23  2:40  Factory Tech Lab  
  23  2:42  Starport  
  24  2:48  SCV  
  25  2:57  Orbital Command  
  25  3:05  SCV  
  25  3:10  Siege Tank  
  25  3:11  Marine  
  30  3:13  Marine  
  30  3:17  SCV  
  32  3:22  Liberator  
  32  3:25  Supply Depot  
  32  3:26  SCV  
  33  3:33  Marine x2  
  35  3:41  SCV x2  
  40  3:50  Marine  
  40  3:51  Marine  
  40  3:53  SCV x2  
  44  4:02  Siege Tank  
  47  4:05  SCV  
  47  4:06  SCV  
  47  4:08  Marine  
  47  4:09  Marine  
  51  4:14  Barracks  
  51  4:16  Barracks  
  51  4:17  SCV  
  51  4:19  Supply Depot  
  51  4:21  SCV  
  53  4:26  Refinery  
  53  4:29  Refinery  
  53  4:30  SCV  
  54  4:39  Starport Reactor  
  54  4:40  Marine x2, Siege Tank  
  59  4:47  Engineering Bay  
  59  4:49  Supply Depot  
  59  4:53  Supply Depot  
  59  4:56  SCV  
  55  5:08  SCV  
  47  5:27  Orbital Command  
  36  5:36  Marine  
  36  5:37  Marine x3  
  40  5:52  SCV  
  40  5:54  Marine x3  
  40  5:55  Marine  
  37  6:04  SCV  
  33  6:12  Marine x4, SCV  
  33  6:16  SCV  
  35  6:24  SCV  
  33  6:29  SCV  
  33  6:30  Marine x2  
  33  6:31  Barracks Tech Lab  
  32  6:36  SCV  
  29  6:41  SCV  
  25  6:48  Marine  
  26  6:59  Cyclone  
  21  7:02  Barracks Tech Lab  
  19  7:09  Marine x3  
  19  7:13  SCV  
  17  7:27  Marine  
  9  7:38  Marine x2  
  9  7:39  Marine  
  11  7:57  SCV  
  11  8:09  SCV  
  11  8:11  SCV  
Show
View Real Time Build Order
Export as new Build Order

MawashiGeri Terran - Winner!

Build Orders:  

Get SALT Encoding   

  12  0:01  SCV  
  13  0:13  SCV  
  14  0:23  Supply Depot  
  14  0:25  SCV  
  15  0:37  Refinery  
  15  0:43  Refinery  
  15  0:44  SCV  
  16  0:56  SCV  
  17  1:03  Barracks  
  17  1:08  SCV  
  18  1:20  SCV  
  18  1:24  Supply Depot  
  19  1:33  SCV  
  20  1:45  SCV  
  21  1:51  Marine  
  21  1:52  Factory  
  22  1:57  SCV  
  23  2:11  Orbital Command  
  23  2:17  Marine  
  24  2:35  Marine  
  25  2:37  Factory Tech Lab  
  25  2:38  Starport  
  25  2:48  Supply Depot  
  24  2:54  SCV  
  24  2:57  Siege Tank  
  28  2:58  Marine  
  29  3:16  Medivac  
  29  3:18  Marine  
  32  3:20  Fusion Core  
  32  3:29  Siege Tank  
  35  3:36  Marine, SCV  
  35  3:37  Supply Depot  
  37  3:46  Medivac  
  39  3:57  Marine  
  40  4:08  Supply Depot, SCV  
  41  4:15  Marine  
  44  4:36  Battlecruiser  
  44  4:38  Widow Mine  
  50  4:43  Barracks  
  50  4:48  Supply Depot  
  35  5:45  Marine x2  
  37  5:51  Command Center  
  37  6:06  Marine x2  
  39  6:20  Factory Tech Lab  
  39  6:24  Marine x2  
  41  6:35  SCV  
  42  6:42  Marine x2  
  44  6:47  SCV  
  44  6:52  Siege Tank  
  48  6:54  Medivac  
  48  6:55  Barracks  
  48  6:59  Marine, SCV  
  48  7:00  Marine  
  53  7:17  Marine  
  53  7:18  Marine  
  55  7:24  Siege Tank  
  58  7:35  Marine x2  
  60  7:39  Refinery  
  60  7:42  Marine  
  61  7:53  Marine x2  
  61  7:57  Siege Tank  
  64  8:00  Marine  
  64  8:04  SCV  
  64  8:05  SCV  
  67  8:06  Refinery  
  67  8:11  Marine x2  
  69  8:17  SCV x2  
Tags
 
Add a new tag
Caveats
  • Supply blocks, unpowered buildings, or Contaminate may cause inaccurate times.
  • Supply counts are checked every 10 seconds.